 Dungeon Crawl Stone Soup version 0.20.0-10-g0535bb4 (webtiles) character file.

274 straycat the Sneak (level 6, -1/47 HPs)
             Began as a Vampire Wanderer on June 3, 2017.
             Slain by a jackal (2 damage)
             ... on level 3 of the Dungeon.
             The game lasted 00:16:09 (3756 turns).

straycat the Sneak (Vampire Wanderer)               Turns: 3756, Time: 00:16:10

Health: -1/47      AC:  3    Str: 11    XL:     6   Next: 3%
Magic:  7/7        EV: 13    Int: 14    God:
Gold:   107        SH:  0    Dex: 21    Spells: 7/7 levels left

rFire    . . .     SeeInvis +   a - +2 spear
rCold    + . .     Gourm    .   (no shield)
rNeg     + + .     Faith    +   D - +0 leather armour
rPois    +         Spirit   .   (no helmet)
rElec    .         Reflect  .   (no cloak)
rCorr    .         Harm     .   (no gloves)
MR       .....                  (no boots)
Stlth    ++++......             z - amulet of faith
Regen    0.1/turn               u - +5 ring of dexterity
MPRegen  0.1/turn               G - ring of poison resistance

@: regenerating slowly
A: fangs 3, see invisible, unbreathing
a: Bat Form


You were on level 3 of the Dungeon.
You were thirsty.

You visited 1 branch of the dungeon, and saw 3 of its levels.

You collected 107 gold pieces.

Inventory:

Hand Weapons
 a - a +2 spear (weapon)
 e - a +0 dagger
 h - a +0 dagger of venom
 y - a +0 hunting sling
Missiles
 i - 4 tomahawks of returning
 j - 71 stones (quivered)
 n - 15 arrows
 o - 19 sling bullets
 v - 10 poisoned needles
 A - 32 bolts
Armour
 d - a +0 robe
 q - a +0 ring mail
 t - a +0 buckler
 B - a +0 scale mail
 D - a +0 leather armour (worn)
Jewellery
 m - an uncursed ring of wizardry
 u - a +5 ring of dexterity (left hand)
 z - an amulet of faith (around neck)
 E - an uncursed ring of magical power
 G - a ring of poison resistance (right hand)
Wands
 C - a wand of acid (6/15)
Scrolls
 c - 2 scrolls of teleportation
 p - a scroll of fear {unknown}
 r - a scroll of immolation {unknown}
 s - a scroll of recharging {unknown}
Potions
 f - 14 potions of blood
 g - 2 potions of flight
 k - a potion of brilliance
 l - a potion of cancellation {unknown}
 w - 2 potions of curing
 x - 2 potions of mutation {unknown}
 F - a potion of haste {unknown}
Books
 b - the Almanac of Dislocation

   Spells                             Type                      Level
   a - Apportation                    Translocation                1
   b - Lesser Beckoning               Translocation                3


   Skills:
 * Level 3.2 Fighting
 + Level 2.7 Short Blades
 - Level 1.7 Polearms
 + Level 1.3 Armour
 * Level 3.1 Dodging
 + Level 4.5 Stealth
 + Level 0.5 Shields
 - Level 1.0 Spellcasting
   Level 1.5 Hexes
   Level 1.0 Earth Magic
 - Level 1.0 Evocations


You had 7 spell levels left.
You didn't know any spells.

Dungeon Overview and Level Annotations

Branches:
Dungeon (3/15)

Altars:
Dithmenos
Elyvilon
Gozag
Nemelex Xobeh

Annotations:
D:3 Crazy Yiuf


Innate Abilities, Weirdness & Mutations

You heal slowly.
You have razor-sharp teeth.
You have supernaturally acute eyesight. (SInv)
You can survive without breathing.


Message History

Attack whom?
Press: ? - help, Dir - move target cursor, f/p - jackal
Aim: a jackal (almost dead)
You hit the jackal.
You kill the jackal!
The jackal bites you.
* * * LOW HITPOINT WARNING * * *
The jackal misses you.
Attack whom?
Press: ? - help, Dir - move target cursor, f - jackal
Aim: a jackal You hit the jackal.
The jackal is heavily wounded.
The adder closely misses you.
The jackal bites you but does no damage.
Crazy Yiuf flaps his cloak.
The adder bites you.
* * * LOW HITPOINT WARNING * * *
The jackal bites you.
You die...

#...# #.................##
♣♣##.#.# #.....#####..#.##... ♣
♣♣P+..#.# #.....# ##.#.###.#
♣♣♣♣P......###.....# ##[..###..
g.♣........g.......# ##.....##..
♣♣.♣).+........##g#####..###....#
♣♣♣♣♣##.......##S# #...## ###..#
#.......#h.# #.### #..#
##.......#@## #.# ##.<#
#..........## #.# #....
#....>..##..###.# #.##.
#.......##......# #.##.
#.......##....### #.##.
##########..#.## ##....
#.......#######..###
#.....#.........##
#.....####..#####


You could see Crazy Yiuf, an adder and a jackal.

Vanquished Creatures
  An orc priest (D:3)
  Ijyb (D:3)
  Terence (D:3)
  4 gnolls (D:3)
  6 adders
  An ooze (D:3)
  4 dart slugs
  A worm (D:2)
  5 orcs
  9 bats
  5 giant cockroaches
  11 goblins
  11 hobgoblins
  7 jackals
  7 kobolds
  A quokka (D:3)
  A frilled lizard (D:2)
  6 rats (D:1)
82 creatures vanquished.

Vanquished Creatures (others)
  3 fungi (D:3)
3 creatures vanquished.

Grand Total: 85 creatures vanquished

Notes
Turn   | Place    | Note
-------+----------+-------------------------------------------
     0 | D:1      | straycat the Vampire Wanderer began the quest for the Orb.
     0 | D:1      | straycat set off with: a +2 spear, the Almanac of Dislocation, a scroll of teleportation, a +0 robe, a +0 dagger, a potion of blood
     0 | D:1      | Reached XP level 1. HP: 16/16 MP: 2/2
     0 | D:1      | Identified the Almanac of Dislocation
   102 | D:1      | Reached XP level 2. HP: 15/22 MP: 3/3
   553 | D:1      | Reached skill level 1 in Dodging
   595 | D:1      | Reached skill level 1 in Short Blades
   731 | D:1      | Reached XP level 3. HP: 17/27 MP: 4/4
  1536 | D:2      | Found a shadowy altar of Dithmenos.
  1592 | D:2      | Reached XP level 4. HP: 34/34 MP: 5/5
  1599 | D:2      | Found a white marble altar of Elyvilon.
  1703 | D:2      | Found a sparkling altar of Nemelex Xobeh.
  1703 | D:2      | Found an opulent altar of Gozag.
  2514 | D:3      | Reached skill level 1 in Armour
  2555 | D:3      | Reached XP level 5. HP: 26/41 MP: 6/6
  2567 | D:3      | HP: 1/41 [gnoll/spear (6)]
  2880 | D:3      | Reached skill level 4 in Stealth
  3170 | D:3      | Noticed Terence
  3183 | D:3      | Killed Terence
  3185 | D:3      | Noticed Ijyb
  3195 | D:3      | Killed Ijyb
  3701 | D:3      | Reached XP level 6. HP: 43/47 MP: 7/7
  3719 | D:3      | Found a runed door.
  3723 | D:3      | Noticed Crazy Yiuf
  3749 | D:3      | HP: 2/47 [jackal (1)]
  3755 | D:3      | HP: 1/47 [adder (3)]
  3756 | D:3      | Slain by a jackal

Skill      XL: |  1  2  3  4  5 |
---------------+----------------+-----
Fighting       | 2 3 |  3.2
Dodging        | 1 2 3 |  3.1
Short Blades   | 1 2 |  2.7
Armour         | 1 |  1.3
Stealth        | 4 |  4.5
Polearms       | |  1.7
Shields        | |  0.5
Spellcasting   | |  1.0
Hexes          | |  1.5
Earth Magic    | |  1.0
Evocations     | |  1.0

Action                   |  1- 3 |  4- 6 || total
-------------------------+-------+-------++-------
Melee: Spear             |   121 |   151 ||   272
       Bite              |     8 |    13 ||    21
       Dagger            |       |    19 ||    19
  Use: Potion            |       |     8 ||     8
       Scroll            |       |     7 ||     7
 Stab: Distracted        |     1 |     1 ||     2
       Sleeping          |    11 |     2 ||    13
Armor: Robe              |    31 |       ||    31
       Leather armour    |     3 |    46 ||    49
Dodge: Dodged            |    90 |   139 ||   229
